PR
HICKSVILLE HOUNDS @ CROWLEY CAJUNS
07/16/2041
 
TOP OF THE 1ST
Hicksville Hounds batting - Pitching for Crowley Cajuns : RHP Blaise Tonetti
Pitching: RHP Blaise Tonetti
Batting: RHB Arturo Iglésias 0-0: Fly out, F7 (Flyball, 7D, EV 90.0 MPH)
Batting: LHB José López 0-0: Called Strike
0-1: SINGLE (Flyball, 78S, EV 90.0 MPH)
Batting: RHB Rafael Gutiérrez 0-0: Ball
1-0: Ball
2-0: Called Strike
2-1: Fly out, F7 (Flyball, 78S, EV 96.9 MPH)
Batting: RHB Joe Barrientez 0-0: Ball
1-0: Ball
2-0: Ball
3-0: Called Strike
3-1: Base on Balls
José López to second
Batting: LHB Erik Weinstein 0-0: Called Strike
0-1: Ball
1-1: Called Strike
1-2: Ball
2-2: Ball
3-2: Base on Balls
José López to third
Joe Barrientez to second
Batting: RHB Pedro Costa 0-0: Ball
1-0: Foul Ball, location: 2F
1-1: Fielders Choice at 2nd, 6-4 (Groundball, 6, EV 81.2 MPH)
Top of the 1st over - 0 runs, 1 hit, 0 errors, 3 left on base; Hicksville 0 - Crowley 0
BOTTOM OF THE 1ST
Crowley Cajuns batting - Pitching for Hicksville Hounds : RHP Jimmy Young
Pitching: RHP Jimmy Young
Batting: RHB Alan Shepherd 0-0: Called Strike
0-1: Fly out, F5 (Popup, 25F, EV 92.5 MPH)
Batting: RHB Juan David Fernán 0-0: Foul Ball, location: 2F
0-1: Ball
1-1: SINGLE (Line Drive, 7S, EV 93.1 MPH)
Batting: LHB Sam Wells 0-0: Called Strike
0-1: Fielders Choice at 2nd, 6-4 (Groundball, 6S, EV 83.1 MPH)
Batting: RHB Kennet Udinga 0-0: Ball
1-0: Called Strike
1-1: Swinging Strike
1-2: Strikes out swinging
Bottom of the 1st over - 0 runs, 1 hit, 0 errors, 1 left on base; Hicksville 0 - Crowley 0
TOP OF THE 2ND
Hicksville Hounds batting - Pitching for Crowley Cajuns : RHP Blaise Tonetti
Batting: RHB Valerio Salinas 0-0: Called Strike
0-1: Ball
1-1: Called Strike
1-2: Ground out 6-3 (Groundball, 6MS, EV 69.4 MPH)
Batting: RHB Martín González 0-0: Called Strike
0-1: Foul Ball, location: 2F
0-2: SINGLE (Groundball, 34, EV 106.2 MPH) (infield hit)
Batting: LHB Timothy Hayes 0-0: Called Strike
0-1: Foul Ball, location: 2F
0-2: Strikes out swinging
Batting: RHB Arturo Iglésias 0-0: Called Strike
0-1: Ball
1-1: Foul Ball, location: 2F
1-2: Ball
2-2: Ball
3-2: DOUBLE (Line Drive, 9LM, EV 110.0 MPH)
Martín González to third
Martín González scores
Batting: LHB José López 0-0: Ball
1-0: Ball
2-0: Called Strike
2-1: Foul Ball, location: 2F
2-2: DOUBLE (Flyball, 8LXD, EV 95.0 MPH)
Arturo Iglésias scores
Batting: RHB Rafael Gutiérrez 0-0: Ball
1-0: Ball
2-0: Called Strike
2-1: Foul Ball, location: 2F
2-2: Strikes out swinging
Top of the 2nd over - 2 runs, 3 hits, 0 errors, 1 left on base; Hicksville 2 - Crowley 0
BOTTOM OF THE 2ND
Crowley Cajuns batting - Pitching for Hicksville Hounds : RHP Jimmy Young
Batting: LHB Sergio Valentín 0-0: Ball
1-0: Ball
2-0: Ball
3-0: Called Strike
3-1: Foul Ball, location: 2F
3-2: Foul Ball, location: 2F
3-2: Fly out, F8 (Flyball, 78S, EV 88.8 MPH)
Batting: RHB Allan Selkirk 0-0: Called Strike
0-1: Swinging Strike
0-2: Ball
1-2: Strikes out swinging
Batting: RHB Leonard Tucker 0-0: Reached via error on a dropped throw from 3B, E3 (Groundball, 56, EV 80.6 MPH)
Batting: RHB Luwen Cullus 0-0: Fielders Choice at 2nd, 6-4 (Groundball, 6, EV 85.6 MPH)
Bottom of the 2nd over - 0 runs, 0 hits, 1 error, 1 left on base; Hicksville 2 - Crowley 0
TOP OF THE 3RD
Hicksville Hounds batting - Pitching for Crowley Cajuns : RHP Blaise Tonetti
Batting: RHB Joe Barrientez 0-0: Called Strike
0-1: Ball
1-1: Ground out 4-3 (Groundball, 4, EV 105.0 MPH)
Batting: LHB Erik Weinstein 0-0: Swinging Strike
0-1: Ball
1-1: Ball
2-1: Swinging Strike
2-2: Foul Ball, location: 2F
2-2: Ball
3-2: Strikes out swinging
Batting: RHB Pedro Costa 0-0: Ball
1-0: Ball
2-0: Foul Ball, location: 2F
2-1: Foul Ball, location: 2F
2-2: Ball
3-2: Foul Ball, location: 2F
3-2: Base on Balls
Batting: RHB Valerio Salinas 0-0: Foul Ball, location: 2F
0-1: Ball
1-1: Ball
2-1: Ball
3-1: Foul Ball, location: 2F
3-2: Foul Ball, location: 2F
3-2: Foul Ball, location: 2F
3-2: Foul Ball, location: 2F
3-2: Strikes out swinging
Top of the 3rd over - 0 runs, 0 hits, 0 errors, 1 left on base; Hicksville 2 - Crowley 0
BOTTOM OF THE 3RD
Crowley Cajuns batting - Pitching for Hicksville Hounds : RHP Jimmy Young
Batting: RHB Mike Townsend 0-0: Foul Ball, location: 2F
0-1: Ball
1-1: Ball
2-1: Swinging Strike
2-2: Fly out, F8 (Flyball, 89D, EV 106.2 MPH)
Batting: RHB Alan Shepherd 0-0: Called Strike
0-1: Fly out, F8 (Flyball, 8RS, EV 95.6 MPH)
Batting: RHB Juan David Fernán 0-0: SOLO HOME RUN (Flyball, 78XD, EV 113.1 MPH), Distance : 442 ft
Batting: LHB Sam Wells 0-0: Ball
1-0: Ball
2-0: Fly out, F9 (Flyball, 9, EV 88.8 MPH)
Bottom of the 3rd over - 1 run, 1 hit, 0 errors, 0 left on base; Hicksville 2 - Crowley 1
TOP OF THE 4TH
Hicksville Hounds batting - Pitching for Crowley Cajuns : RHP Blaise Tonetti
Batting: RHB Martín González 0-0: Ball
1-0: Called Strike
1-1: Ground out 6-3 (Groundball, 6, EV 85.0 MPH)
Batting: LHB Timothy Hayes 0-0: Foul Ball, location: 2F
0-1: Swinging Strike
0-2: Ball
1-2: Foul Ball, location: 2F
1-2: Strikes out swinging
Batting: RHB Arturo Iglésias 0-0: Called Strike
0-1: SINGLE (Line Drive, 7S, EV 103.8 MPH)
Batting: LHB José López 0-0: Ball
1-0: Ball
2-0: Ball
3-0: Base on Balls
Arturo Iglésias to second
Batting: RHB Rafael Gutiérrez 0-0: Foul Ball, location: 2F
0-1: Called Strike
0-2: Ball
1-2: Hit by Pitch
Arturo Iglésias to third
José López to second
Batting: RHB Joe Barrientez 0-0: Ball
1-0: Ball
2-0: Foul Ball, location: 2F
2-1: Called Strike
2-2: Ground out 4-3 (Groundball, 4, EV 86.2 MPH)
Top of the 4th over - 0 runs, 1 hit, 0 errors, 3 left on base; Hicksville 2 - Crowley 1
BOTTOM OF THE 4TH
Crowley Cajuns batting - Pitching for Hicksville Hounds : RHP Jimmy Young
Batting: RHB Kennet Udinga 0-0: SINGLE (Groundball, 6D, EV 96.2 MPH)
Batting: LHB Sergio Valentín 0-0: Foul Ball, location: 2F
0-1: Ball
1-1: Ball
2-1: Swinging Strike
2-2: Fielders Choice at 2nd, 1-6 (Groundball, 34S, EV 89.4 MPH)
Batting: RHB Allan Selkirk 0-0: Fly out, F9 (Flyball, 9, EV 93.1 MPH)
Batting: RHB Leonard Tucker 0-0: Ball
1-0: Ball
Sergio Valentín steals 2nd base
2-0: Foul Ball, location: 2F
2-1: Swinging Strike
2-2: Ball
3-2: Foul Ball, location: 2F
3-2: DOUBLE (Line Drive, 3D, EV 100.6 MPH)
Sergio Valentín scores
Batting: RHB Luwen Cullus 0-0: Ball
1-0: Called Strike
1-1: Ball
2-1: SINGLE (Groundball, 4D, EV 104.4 MPH)
Leonard Tucker to third
Runner from 3rd tries for Home, SAFE, no throw by RF
Batting: RHB Mike Townsend 0-0: Ball
1-0: Swinging Strike
1-1: Called Strike
1-2: Strikes out swinging
Bottom of the 4th over - 2 runs, 3 hits, 0 errors, 1 left on base; Hicksville 2 - Crowley 3
TOP OF THE 5TH
Hicksville Hounds batting - Pitching for Crowley Cajuns : RHP Blaise Tonetti
Batting: LHB Erik Weinstein 0-0: Called Strike
0-1: Ball
1-1: Foul Ball, location: 2F
1-2: Ball
2-2: Fly out, F8 (Flyball, 8RM, EV 83.8 MPH)
Pitching: RHP Kane Hallworth
Batting: RHB Pedro Costa 0-0: Called Strike
0-1: Ball
1-1: Fly out, F8 (Flyball, 8LD, EV 104.4 MPH)
Batting: RHB Valerio Salinas 0-0: Ball
1-0: Ball
2-0: Reached on error, E5 (Groundball, 5, EV 85.0 MPH)
Batting: RHB Martín González 0-0: Ball
1-0: DOUBLE (Groundball, 5L, EV 103.1 MPH)
Valerio Salinas to third
Batting: LHB Timothy Hayes 0-0: Ball
1-0: Foul Ball, location: 2F
1-1: Ground out 5-3 (Groundball, 56, EV 84.4 MPH)
Top of the 5th over - 0 runs, 1 hit, 1 error, 2 left on base; Hicksville 2 - Crowley 3
BOTTOM OF THE 5TH
Crowley Cajuns batting - Pitching for Hicksville Hounds : RHP Jimmy Young
Batting: RHB Alan Shepherd 0-0: Ground out 5-3 (Groundball, 56, EV 83.8 MPH)
Batting: RHB Juan David Fernán 0-0: Called Strike
0-1: Ball
1-1: Foul Ball, location: 2F
1-2: Foul Ball, location: 2F
1-2: Ball
2-2: Ground out 6-3 (Groundball, 6D, EV 106.9 MPH)
Batting: LHB Sam Wells 0-0: Swinging Strike
0-1: Ground out 1-3 (Groundball, 23, EV 89.4 MPH)
Bottom of the 5th over - 0 runs, 0 hits, 0 errors, 0 left on base; Hicksville 2 - Crowley 3
TOP OF THE 6TH
Hicksville Hounds batting - Pitching for Crowley Cajuns : RHP Kane Hallworth
Batting: RHB Arturo Iglésias 0-0: Called Strike
0-1: Ball
1-1: Fly out, F7 (Line Drive, 78M, EV 93.1 MPH)
Batting: LHB José López 0-0: Called Strike
0-1: Ball
1-1: Ball
2-1: Ball
3-1: Ground out 6-3 (Groundball, 6MS, EV 81.9 MPH)
Batting: RHB Rafael Gutiérrez 0-0: Ball
1-0: Ground out 5-3 (Groundball, 56, EV 88.1 MPH)
Top of the 6th over - 0 runs, 0 hits, 0 errors, 0 left on base; Hicksville 2 - Crowley 3
BOTTOM OF THE 6TH
Crowley Cajuns batting - Pitching for Hicksville Hounds : RHP Jimmy Young
Batting: RHB Kennet Udinga 0-0: Foul Ball, location: 2F
0-1: Swinging Strike
0-2: Foul Ball, location: 2F
0-2: SINGLE (Groundball, 6D, EV 104.4 MPH)
Batting: LHB Sergio Valentín 0-0: Ball
1-0: Called Strike
1-1: Foul Ball, location: 2F
Balk!
Kennet Udinga to second
1-2: Ball
Wild Pitch!
Kennet Udinga to third
2-2: Strikes out swinging
Batting: RHB Allan Selkirk 0-0: Called Strike
0-1: Ball
1-1: Foul Ball, location: 2F
1-2: Foul Ball, location: 2F
1-2: Foul Ball, location: 2F
1-2: Ball
2-2: Fly out, F8 (Flyball, 89D, EV 84.4 MPH)
Runner from 3rd tags up, SCORES, throw by CF
Batting: RHB Leonard Tucker 0-0: Called Strike
0-1: Foul Ball, location: 2F
0-2: Ball
1-2: Foul Ball, location: 2F
1-2: Foul Ball, location: 2F
1-2: Ball
2-2: Ball
3-2: SINGLE (Line Drive, 9LS, EV 88.8 MPH)
Batting: RHB Luwen Cullus 0-0: Ball
1-0: Ball
2-0: Fly out, F8 (Flyball, 89D, EV 90.6 MPH)
Bottom of the 6th over - 1 run, 2 hits, 0 errors, 1 left on base; Hicksville 2 - Crowley 4
TOP OF THE 7TH
Hicksville Hounds batting - Pitching for Crowley Cajuns : RHP Kane Hallworth
Batting: RHB Joe Barrientez 0-0: SINGLE (Groundball, 56, EV 81.9 MPH) (infield hit)
Batting: LHB Erik Weinstein 0-0: Foul Ball, location: 2F
0-1: Swinging Strike
0-2: Foul Ball, location: 2F
0-2: Strikes out swinging
Batting: RHB Pedro Costa 0-0: Foul Ball, location: 2F
0-1: Ball
1-1: Foul Ball, location: 2F
1-2: Foul Ball, location: 2F
1-2: Foul Ball, location: 2F
1-2: Ball
2-2: Ball
3-2: Foul Ball, location: 2F
3-2: Foul Ball, location: 2F
3-2: SINGLE (Groundball, 34, EV 93.1 MPH) (infield hit)
Joe Barrientez to second
Batting: RHB Valerio Salinas 0-0: Called Strike
0-1: Ball
1-1: Ball
2-1: Grounds into double play, 6-4-3 (Groundball, 6S, EV 83.8 MPH)
Top of the 7th over - 0 runs, 2 hits, 0 errors, 1 left on base; Hicksville 2 - Crowley 4
BOTTOM OF THE 7TH
Crowley Cajuns batting - Pitching for Hicksville Hounds : RHP Jimmy Young
Batting: RHB Mike Townsend 0-0: Called Strike
0-1: Ground out 5-3 (Groundball, 56S, EV 81.9 MPH)
Batting: RHB Alan Shepherd 0-0: Called Strike
0-1: Foul Ball, location: 2F
0-2: Strikes out swinging
Batting: RHB Juan David Fernán 0-0: Ball
1-0: Called Strike
1-1: Foul Ball, location: 2F
1-2: Foul Ball, location: 2F
1-2: Fly out, F8 (Line Drive, 8LM, EV 85.0 MPH)
Bottom of the 7th over - 0 runs, 0 hits, 0 errors, 0 left on base; Hicksville 2 - Crowley 4
TOP OF THE 8TH
Hicksville Hounds batting - Pitching for Crowley Cajuns : RHP Kane Hallworth
Batting: RHB Martín González 0-0: Ball
1-0: Called Strike
1-1: Swinging Strike
1-2: Strikes out swinging
Batting: LHB Timothy Hayes 0-0: Ball
1-0: SINGLE (Line Drive, 9LS, EV 106.9 MPH)
Batting: RHB Arturo Iglésias 0-0: Swinging Strike
0-1: Swinging Strike
0-2: Foul Ball, location: 2F
0-2: Ball
1-2: Fly out, F8 (Flyball, 89D, EV 101.9 MPH)
Pitching: LHP Lorenzo Pineda
Batting: LHB José López 0-0: Swinging Strike
0-1: Ball
1-1: Foul Ball, location: 2F
1-2: Strikes out looking
Top of the 8th over - 0 runs, 1 hit, 0 errors, 1 left on base; Hicksville 2 - Crowley 4
BOTTOM OF THE 8TH
Crowley Cajuns batting - Pitching for Hicksville Hounds : RHP Jimmy Young
Pitching: LHP An-shi Gou
Batting: LHB Sam Wells 0-0: SINGLE (Line Drive, 56D, EV 93.8 MPH)
Batting: RHB Kennet Udinga 0-0: Ball
1-0: Foul Ball, location: 2F
1-1: Called Strike
1-2: Strikes out swinging
Batting: LHB Sergio Valentín 0-0: Ball
1-0: Fielders Choice at 2nd, 5-4 (Groundball, 56S, EV 87.5 MPH)
Batting: RHB Allan Selkirk 0-0: Foul Ball, location: 2F
0-1: Swinging Strike
0-2: Ball
1-2: Strikes out swinging
Bottom of the 8th over - 0 runs, 1 hit, 0 errors, 1 left on base; Hicksville 2 - Crowley 4
TOP OF THE 9TH
Hicksville Hounds batting - Pitching for Crowley Cajuns : LHP Lorenzo Pineda
Pitching: RHP Byron Vyse
Batting: RHB Rafael Gutiérrez 0-0: Ball
1-0: Called Strike
1-1: Ball
2-1: Fly out, F8 (Flyball, 89XD, EV 88.8 MPH)
Batting: RHB Joe Barrientez 0-0: Ball
1-0: Foul Ball, location: 2F
1-1: Called Strike
1-2: Foul Ball, location: 2F
1-2: Foul Ball, location: 2F
1-2: Foul Ball, location: 2F
1-2: Strikes out swinging, 2-3 out at first.
Batting: LHB Erik Weinstein 0-0: Called Strike
0-1: Fly out, F8 (Flyball, 8LXD, EV 82.5 MPH)
Top of the 9th over - 0 runs, 0 hits, 0 errors, 0 left on base; Hicksville 2 - Crowley 4
Tuesday, January 5th, 2021 - OOTP Baseball 20.8 Build 74